AoeStats
← RedPhosphoru

Arabian Desert

509972401Analyzed
1v1 RM · 3d ago on Sep 28, 2026· 36m 49s· 2 players
Game mode
Random Map
Map size
Tiny (2 player)
Population
200
Speed
Normal
Resources
Standard
Victory
Conquest
Starting age
Dark Age
Ending age
Imperial Age
RankedLock teamsTeams togetherTeam positionsShared explorationLock speedFull tech treeHidden civsTurbo modeCheats
Victory
Defeat
🇦🇷 Mongols · Argentina
1946
+29
🇺🇸 Khmer · United States
2346
-29
RedPhosphoru
9:16 Feudal Age
8:14 Loom
12:26 Castle Age
Inkas| OMNI
8:01 Feudal Age
8:30 Double-Bit Axe
11:24 Loom
13:13 Horse Collar
14:06 Fletching
19:39 Wheelbarrow
24:05 Castle Age
24:44 Bodkin Arrow
25:35 Padded Archer Armor
28:46 Elite Skirmisher
Connection lost

Rejoining the realm…

Still unreachable

The connection could not be restored.

Session expired

The server has moved on; the page needs a fresh start.